 Dungeon Crawl Stone Soup version 0.26-a0-812-g31a745ddcd (webtiles) character file.

Game seed: 12150786339635378419

1226 kae the Insei (level 8, 0/46 HPs)
             Began as a Tengu Transmuter on Nov 24, 2020.
             Hit by a boomerang thrown by an orc warrior (9 damage)
             ... on level 6 of the Dungeon.
             The game lasted 00:05:03 (6345 turns).

kae the Insei (Tengu Transmuter)                    Turns: 6345, Time: 00:05:04

Health: 0/46       AC:  0    Str: 13    XL:     8   Next: 47%
Magic:  10/14      EV: 17    Int: 13    God:
Gold:   276        SH:  0    Dex: 15    Spells: 10/14 levels left

rFire    . . .     SeeInvis .     - Unarmed
rCold    . . .     Faith    .   (no shield)
rNeg     . . .     Spirit   .   a - +2 robe
rPois    .         Reflect  .   (helmet restricted)
rElec    .         Harm     .   (no cloak)
rCorr    .         Rampage  .   (no gloves)
MR       +....                  (boots unavailable)
Stlth    +.........             j - amulet of regeneration
HPRegen  0.55/turn              g - ring of protection from magic
MPRegen  0.14/turn              m - -4 ring of protection (curse)

@: flying quickly and evasively, very slightly contaminated, quick
A: beak, talons 3, able to fly
a: Stop Flying


You were on level 6 of the Dungeon.
You visited 1 branch of the dungeon, and saw 6 of its levels.
You also visited: Sewer.

You collected 315 gold pieces.
You spent 39 gold pieces at shops.

Inventory:

Armour
 a - a +2 robe (worn)
Jewellery
 g - a ring of protection from magic (left hand)
 j - an amulet of regeneration (around neck)
 m - a cursed -4 ring of protection (right hand)
 p - an uncursed ring of stealth
 s - an uncursed amulet of magic regeneration
Wands
 d - a wand of paralysis (8)
Scrolls
 b - 2 scrolls of enchant armour
 c - a scroll of acquirement {unknown}
 h - 2 scrolls of amnesia
 n - 4 scrolls of magic mapping
Potions
 f - 2 potions of lignification
 i - a potion of brilliance
 k - 2 potions of mutation
 o - 2 potions of haste {unknown}
 q - a potion of curing {unknown}


   Skills:
 + Level 3.1 Fighting
 + Level 3.1 Armour
 + Level 4.2 Dodging
 * Level 6.1 Unarmed Combat
 + Level 3.5 Spellcasting
 * Level 4.1 Transmutations
 - Level 3.0 Poison Magic


You had 10 spell levels left.
You knew the following spells:

 Your Spells              Type           Power        Failure   Level
a - Beastly Appendage     Tmut           ##....       4%          1
b - Spider Form           Tmut/Pois      ##........   16%         3

Your spell library contained the following spells:

 Spells                   Type           Power        Failure   Level
 Wereblood                Tmut           ##......     6%          2
 Corona                   Hex            #......      22%         1
 Freeze                   Ice            #...         22%         1
 Summon Small Mammal      Summ           #...         22%         1
 Ensorcelled Hibernation  Hex/Ice        #.....       32%         2
 Confusing Touch          Hex            #.......     54%         3
 Dazzling Flash           Conj/Hex       #.....       54%         3
 Frozen Ramparts          Ice            #.....       54%         3
 Gell's Gravitas          Tloc           #.........   54%         3
 Ozocubu's Armour         Ice            #.......     54%         3
 Tukima's Dance           Hex            #.......     54%         3
 Ice Form                 Ice/Tmut       #.......     67%         4
 Petrify                  Tmut/Erth      #.......     67%         4
 Blade Hands              Tmut           ##........   73%         5
 Hailstorm                Conj/Ice       #.......     91%         4
 Summon Ice Beast         Ice/Summ       #.......     91%         4
 Yara's Violent Unravell  Hex/Tmut       #.........   95%         5
 Metabolic Englaciation   Hex/Ice        #.........   99%         5


Dungeon Overview and Level Annotations

Branches:
Dungeon (6/15)              Sewer (visited)
 Temple: D:4-7

Altars:
Cheibriados
Fedhas
Hepliaklqana
Kikubaaqudgha
Ru
Sif Muna
Vehumet
Yredelemnul

Shops:
D:5 *

Annotations:
D:6 1 runed translucent door, Crazy Yiuf


Innate Abilities, Weirdness & Mutations

You have a beak for a mouth.
You have claws for feet.
You can fly continuously.


Message History

An orc warrior is nearby!
An orc warrior is nearby!
Casting: Spider Form (dangerous; 16% risk of failure)
Confirm with . or Enter, or press ? or * to list all spells.
You miscast Spider Form.
You are very lightly contaminated with residual magic.
Strange energies run through your body.
The orc warrior shouts!
You hear a shout!
The orc warrior throws a boomerang.
The boomerang hits you!
The weapon returns to the orc warrior!
The orc warrior throws a boomerang.
The boomerang hits you!!
* * * LOW HITPOINT WARNING * * *
The weapon returns to the orc warrior!
The orc warrior throws a boomerang.
The boomerang hits you.
* * * LOW HITPOINT WARNING * * *
Okay, then.
The orc warrior throws a boomerang.
The boomerang closely misses you.
The weapon returns to the orc warrior!
The orc warrior throws a boomerang.
The boomerang hits you!
You die...

######## ###......########
#####........@.......
#..........#.#.#.#.#.
#.................?..
#.........#.#.#.#.#.#
####......................
..........o..............#
............#.......[....#
.........o.o#............#.
...........................


You could see an orc warrior and an orc.

Vanquished Creatures
  Eustachio (D:5)
  Edmund (D:5)
  A black bear (D:4)
  3 centaurs
  2 bullfrogs (Sewer)
  A wyvern zombie (D:6)
  A howler monkey (D:5)
  A bullfrog zombie (D:6)
  3 hounds
  An orc priest (D:6)
  An orc wizard (D:6)
  2 worker ants (D:4)
  A worker ant zombie (D:5)
  10 adders
  An ooze (D:5)
  An adder zombie (D:2)
  3 worms (D:3)
  4 dart slugs
  3 leopard geckos
  2 orcs
  6 ball pythons
  8 bats
  12 giant cockroaches
  10 goblins
  7 hobgoblins
  6 jackals
  7 kobolds
  13 frilled lizards
  A leopard gecko skeleton (D:4)
  10 rats
123 creatures vanquished.

Notes
Turn   | Place    | Note
-------+----------+-------------------------------------------
     0 | D:1      | kae the Tengu Transmuter began the quest for the Orb.
     0 | D:1      | Reached XP level 1. HP: 12/12 MP: 4/4
   400 | D:1      | Reached XP level 2. HP: 16/16 MP: 4/6
  1270 | D:2      | Reached XP level 3. HP: 13/20 MP: 7/7
  1351 | D:2      | Learned a level 3 spell: Spider Form
  1577 | D:2      | Found a hazy altar of Hepliaklqana.
  1578 | D:2      | Found a blossoming altar of Fedhas.
  1651 | D:2      | Reached XP level 4. HP: 21/25 MP: 6/8
  1951 | D:2      | Reached skill level 1 in Armour
  1951 | D:2      | Reached skill level 1 in Poison Magic
  2145 | D:2      | Reached skill level 4 in Unarmed Combat
  2338 | D:2      | Noticed a centaur
  2633 | D:2      | Killed a centaur
  2633 | D:2      | Gained mutation: You can fly continuously. [Tengu growth]
  2633 | D:2      | Reached XP level 5. HP: 29/30 MP: 2/9
  2796 | D:2      | Found a snail-covered altar of Cheibriados.
  2918 | D:3      | Found a glowing drain.
  2987 | Sewer    | Entered a sewer
  3107 | Sewer    | Reached XP level 6. HP: 34/35 MP: 6/10
  3676 | D:3      | Found a sacrificial altar of Ru.
  4426 | D:4      | Reached XP level 7. HP: 34/40 MP: 10/12
  4772 | D:4      | Reached skill level 5 in Unarmed Combat
  4909 | D:4      | Found a radiant altar of Vehumet.
  4914 | D:4      | Found an ancient bone altar of Kikubaaqudgha.
  4915 | D:4      | Found a shimmering blue altar of Sif Muna.
  4918 | D:4      | Identified Sif Muna's Tome of Companions
  5166 | D:5      | Entered Level 5 of the Dungeon
  5407 | D:5      | Noticed Edmund
  5417 | D:5      | Killed Edmund
  5537 | D:5      | Noticed Eustachio
  5550 | D:5      | Found Wuiff's General Store.
  5563 | D:5      | Reached XP level 8. HP: 45/45 MP: 10/13
  5620 | D:5      | Killed Eustachio
  5731 | D:5      | Bought a potion of lignification for 39 gold pieces
  5985 | D:6      | Found a basalt altar of Yredelemnul.
  6085 | D:6      | Reached skill level 6 in Unarmed Combat
  6128 | D:6      | Found a runed translucent door.
  6129 | D:6      | Noticed Crazy Yiuf
  6345 | D:6      | Hit by a boomerang thrown by an orc warrior

Illustrated notes

Levels and vault maps discovered:
D:1:      psy_arrival_radial01, layout_loops_cross
D:2:      layout_loops_ring, chequers_temple_overflow_statue_of_worship,
          minmay_tetromino_l4
D:3:      layout_basic, hangedman_ru_absence, cheibrodos_sewer_entry_drain,
          hangedman_abyss_or_decor_stabs
D:4:      black_bear_nest_2, layout_basic, grunt_temple_overflow_magic_moments
D:5:      layout_rooms, nicolae_overflow_hidden_temple, serial_shops, shop,
          nrook_uturn, uniq_eustachio, uniq_edmund
D:6:      layout_basic, kennysheep_okawaru_gauntlet, kennysheep_mini,
          basic_altar, minmay_misc_feat_pillars, uniq_crazy_yiuf_cottage

Skill      XL: |  1  2  3  4  5  6  7  8 |
---------------+-------------------------+-----
Transmutations | 2 3 4 |  4.1
Armour         | 1 2 3 |  3.1
Poison Magic   | 1 2 3 |  3.0
Unarmed Combat | 4 5 6 |  6.1
Dodging        | 3 4 |  4.2
Fighting       | 2 3 |  3.1
Spellcasting   | 3 |  3.5

Action                   |  1- 3 |  4- 6 |  7- 9 || total
-------------------------+-------+-------+-------++-------
Melee: Unarmed           |    81 |   156 |   105 ||   342
       Kick              |    19 |    26 |    16 ||    61
       Peck              |     7 |    14 |     6 ||    27
       Headbutt          |     6 |     7 |     3 ||    16
       Punch             |     1 |     1 |       ||     2
 Cast: Beastly Appendage |    20 |    39 |     8 ||    67
       Spider Form       |       |     5 |    12 ||    17
 Abil: Fly               |       |     1 |       ||     1
  Use: Scroll            |       |    10 |     5 ||    15
       Potion            |       |       |     1 ||     1
 Stab: Sleeping          |       |     5 |     1 ||     6
       Distracted        |       |     1 |       ||     1
Armor: Robe              |    10 |    19 |     1 ||    30
       Skin              |       |     1 |       ||     1
Dodge: Dodged            |    60 |   121 |   159 ||   340

Table legend: (Time is in decaauts)
 A = Elapsed time spent in this place.
 B = Non-inter-level travel time spent in this place.
 C = Inter-level travel time spent in this place.
 D = Time resting spent in this place.
 E = Time spent auto-exploring this place.
 F = Levels seen in this place.
 G = Mean time per level.
                   A        B        C        D        E       F      G
               +--------+--------+--------+--------+--------+-----+--------+
         Total |   6064 |   5884 |    180 |    328 |   4501 |   7 |  866.3 |
       Dungeon |   5699 |   5519 |    180 |    278 |   4303 |   6 |  949.8 |
         Sewer |    365 |    365 |      0 |     50 |    198 |   1 |  365.0 |
               +--------+--------+--------+--------+--------+-----+--------+

Top non-repeatable levels by time:
     D:2: 1475 daAuts
     D:1: 1389 daAuts
     D:4: 1049 daAuts
     D:3: 849 daAuts
     D:5: 559 daAuts
     D:6: 375 daAuts
   Sewer: 365 daAuts
